 Dungeon Crawl Stone Soup version 0.26.0-10-g1f06aea511 (webtiles) character file.

Game seed: 10304829635824425590

37 Goblin1989 the Sneak (level 3, 0/29 HPs)
             Began as a Demonspawn Delver on Jan 29, 2021.
             Slain by a goblin (1 damage)
             ... led by Robin
             ... on level 2 of the Dungeon.
             The game lasted 00:03:07 (519 turns).

Goblin1989 the Sneak (Demonspawn Delver)             Turns: 519, Time: 00:03:07

Health: 0/29       AC:  3    Str: 13    XL:     3   Next: 21%
Magic:  0/3        EV: 12    Int: 13    God:
Gold:   9          SH:  0    Dex: 14    Spells: 2/2 levels left

rFire    . . .     SeeInvis .   a - +0 mace
rCold    . . .     Faith    .   (no shield)
rNeg     . . .     Spirit   +   b - +0 leather armour
rPois    .         Reflect  .   (no helmet)
rElec    .         Harm     .   (no cloak)
rCorr    .         Rampage  .   (no gloves)
Will     .....                  (no boots)
Stlth    ++........             (no amulet)
HPRegen  0.09/turn              (no ring)
MPRegen  0.08/turn              (no ring)

@: no status effects
A: magic shield, big brain 1
a: no special abilities


You were on level 2 of the Dungeon.
You visited 1 branch of the dungeon, and saw 4 of its levels.

You collected 9 gold pieces.

Inventory:

Hand Weapons
 a - a +0 mace (weapon)
Armour
 b - a +0 leather armour (worn)
 Q - a scarf of invisibility
 S - a +0 pair of boots
Wands
 g - a wand of digging (3) {@v1}
 R - a wand of acid (7) {@v2}
Scrolls
 c - a scroll of fog
 O - a scroll of teleportation {unknown}
Potions
 f - a potion of haste {@q3,}
 N - a potion of resistance {unknown}
 P - a potion of cancellation {unknown}


   Skills:
 - Level 3.0 Fighting
 + Level 3.3 Maces & Flails
 - Level 1.7 Dodging
 - Level 4.5 Stealth


You had 2 spell levels left.
You didn't know any spells.
Your spell library was empty.

Dungeon Overview and Level Annotations

Branches:
Dungeon (5/15)             Temple (0/1) D:4

Altars:
Dithmenos
Xom

Annotations:
D:2 Natasha, Robin
D:4 Blork the orc, Eustachio, Pikel


Innate Abilities, Weirdness & Mutations

When hurt, damage is shared between your health and your magic reserves.
You have an unusually large brain. (Int +2)


Message History

There is a stone staircase leading down here.
Found a robe.
You now have 9 gold pieces. 4 goblins and Robin come into view.
The goblin shouts! x3; You hear a shout! x3
Found a stone staircase leading down.
Unknown command.
Found 4 gold pieces.
A goblin comes into view.
Found a stone staircase leading up.
You see here 4 gold pieces.
You sock the goblin!
You kill the goblin!
A rat, a worm, 2 goblins and a hobgoblin come into view.
Robin shouts!
You hear a shout! x2; The goblin shouts!
You hear a shout!
You hear an angry hiss.
Robin throws the goblin at you!
A goblin comes into view. It is wielding a +0 club.
The goblin misses you.
The hobgoblin moves out of view.
The rat moves out of view.
A kobold comes into view.
A goblin comes into view. It is wielding a +0 dagger.
An orc comes into view.
The goblin hits you.
There is a stone staircase leading up here.
You take 1 damage, and have 28/29 hp.
Robin completely misses you. The goblin closely misses you.
The goblin barely misses you.
You climb upwards.
Natasha, Servant of Life and Death comes into view.
Found a glowing silvery potion.
There is a stone staircase leading down here.
The goblin hits you. Robin throws the goblin at you!
The goblin hits you but does no damage.
Health restored: 29 You now have 2/3 mp.
You closely miss the goblin. The goblin hits you. The goblin misses you.
You now have 1/3 mp.
Unknown command.
Robin throws the goblin at you! The goblin hits you.
You take 1 damage, and have 28/29 hp.
The goblin hits you.
You take 1 damage, and have 27/29 hp.
The goblin misses you. Robin throws the goblin at you! The goblin hits you.
You take 3 damage, and have 24/29 hp.
You hit the goblin.
You kill the goblin!
The goblin hits you. The goblin closely misses you.
You take 1 damage, and have 23/29 hp.
Robin roars a battlecry!
The goblin goes into a battle-frenzy!
You hit the goblin.
The goblin is severely wounded.
The goblin hits you but does no damage.
You barely miss the goblin.
The goblin is severely wounded.
Natasha hisses angrily.
The goblin hits you. Robin throws the goblin at you!
You take 3 damage, and have 20/29 hp.
Natasha mumbles some strange words.
Natasha's front paws start to glow.
Robin hits you with a +0 mace.
You take 3 damage, and have 17/29 hp.
You hit Robin.
Robin is moderately wounded.
The goblin hits you. Robin barely misses you.
You hit Robin but do no damage.
Robin is moderately wounded.
The goblin hits you.
* * * LOW HITPOINT WARNING * * *
Natasha casts a spell.
Robin barely misses you.
You take 5 damage, and have 12/29 hp.
You barely miss Robin.
Robin is moderately wounded.
The goblin closely misses you. Robin hits you with a +0 mace.
* * * LOW HITPOINT WARNING * * *
The goblin misses you.
You take 1 damage, and have 11/29 hp.
You barely miss Robin.
Robin is moderately wounded.
The goblin closely misses you. Robin barely misses you.
You hit Robin.
Robin is heavily wounded.
The goblin closely misses you. Robin closely misses you.
You completely miss Robin.
Robin is heavily wounded.
Natasha casts a spell.
The goblin hits you.
* * * LOW HITPOINT WARNING * * *
Robin hits you but does no damage.
You take 4 damage, and have 7/29 hp.
You hit Robin.
Robin is severely wounded.
The goblin hits you.
* * * LOW HITPOINT WARNING * * *
Robin hits you with a +0 mace.
* * * LOW HITPOINT WARNING * * *
The goblin hits you.
You die...

█. ...!..█ █
█..██....██.█
...........████
█....█......
.██.███...>....█
.......55█.....█
████.███h███.█.█
█


█g█ .█ █ █@█ █ █g█ █.......█ ██......█ .█.██.█ .█.█ .█ █ .█ .█ You could see an
iron imp (summoned), Robin, Natasha, a crimson imp (summoned) and a goblin
(strong).

Vanquished Creatures
  A hound (D:4)
  A leopard gecko (D:4)
  A giant cockroach (D:4)
  2 goblins
  A frilled lizard (D:4)
6 creatures vanquished.

Notes
Turn   | Place    | Note
-------+----------+-------------------------------------------
     0 | D:5      | Goblin1989 the Demonspawn Delver began the quest for the
                  | Orb.
     0 | D:5      | Reached XP level 1. HP: 18/18 MP: 1/1
    14 | D:5      | Noticed a phantom
    49 | D:4      | Noticed a lemure
    50 | D:4      | Noticed Pikel
    50 | D:4      | Noticed a lemure
    51 | D:4      | Noticed a lemure
    63 | D:4      | Noticed Eustachio
   108 | D:4      | Noticed a hound
   124 | D:4      | Killed a hound
   125 | D:4      | Gained mutation: When hurt, damage is shared between your
                  | health and your magic reserves. [demonic ancestry]
   125 | D:4      | Reached XP level 2. HP: 5/24 MP: 2/2
   125 | D:4      | Gained mutation: You have an unusually large brain. (Int
                  | +2) [demonic ancestry]
   125 | D:4      | Reached XP level 3. HP: 6/29 MP: 3/3
   387 | D:4      | Found a shimmering altar of Xom.
   397 | D:4      | Noticed a scorpion
   443 | D:4      | Found a shadowy altar of Dithmenos.
   455 | D:4      | Noticed Blork the orc
   484 | D:3      | Noticed Robin
   500 | D:2      | Noticed Natasha
   519 | D:2      | HP: 1/29 [Robin/+0 mace (5)]
   519 | D:2      | Slain by a goblin

Illustrated notes

Levels and vault maps discovered:
D:2:      layout_loops_cross, old_standard_altar, okawaru_trees_1, uniq_natasha
D:3:      kb_forest_paths, layout_loops_ring, lemuel_crystal_altar,
          amcnicky_mini_rare_corridor_liquid, patterned_corridor, uniq_robin
D:4:      layout_loops_cross, grunt_temple_overflow_open,
          minmay_temple_entry_glassed_door, serial_shops, shop, uniq_grinder,
          uniq_eustachio, uniq_pikel, uniq_blork_the_orc
D:5:      layout_cave_pods, overflow_temple_1_default, elyvilon_altar_1

Skill      XL: |  1 |
---------------+----+-----
Maces & Flails | 3 |  3.3
Fighting       | |  3.0
Dodging        | |  1.7
Stealth        | |  4.5

Action                   || total
-------------------------++-------
Melee: Mace              ||    29
  Use: Scroll            ||     2
Armor: Leather armour    ||     9
Dodge: Dodged            ||    35
